 Dungeon Crawl Stone Soup version 0.29.1-15-g9cfb28693d (webtiles) character file.

Game seed: 11335327338859678149

296 firemarshallily the Trooper (level 6, -6/68 HPs)
             Began as an Ogre Monk on Apr 17, 2023.
             Was a Priest of the Shining One.
             Mangled by a gnoll
             ... wielding a +0 club
              (7 damage)
             ... on level 4 of the Dungeon.
             The game lasted 00:12:00 (5690 turns).

firemarshallily the Trooper (Ogre Monk)             Turns: 5690, Time: 00:12:00

Health: -6/68      AC:  3    Str: 18    XL:     6   Next: 35%
Magic:  3/6        EV: 10    Int: 11    God:    the Shining One [***...]
Gold:   140        SH:  6    Dex: 11    Spells: 5/5 levels left

rFire   . . .      SeeInvis .   u - +2 hand axe of Conformity {freeze, rElec Will++}
rCold   . . .      Faith    .   (no shield)
rNeg    + . .      Spirit   .   a - +0 robe
rPois   .          Reflect  .   (helmet restricted)
rElec   +          Harm     .   (no cloak)
rCorr   .          Rampage  .   (gloves unavailable)
Will    +++..                   (boots unavailable)
Stlth   +.........              (no amulet)
HPRegen 0.21/turn               r - ring of willpower
MPRegen 0.10/turn               (no ring)

@: divinely shielded, glowing
A: large, unfitting armour, tough skin 1
a: Renounce Religion, Divine Shield, Cleansing Flame


You were on level 4 of the Dungeon.
You worshipped the Shining One.
The Shining One was most pleased with you.
You visited 1 branch of the dungeon, and saw 6 of its levels.

You collected 140 gold pieces.

Inventory:

Hand Weapons
 u - the +2 hand axe of Conformity (weapon) {freeze, rElec Will++}
   (You found it on level 3 of the Dungeon)

   It freezes those it strikes, dealing additional cold damage.
   It can also slow down cold-blooded creatures.
   rElec:     It insulates you from electricity.
   Will:      It greatly increases your willpower.
Missiles
 s - 2 silver boomerangs (quivered)
 t - a throwing net
 x - 10 poisoned darts
Armour
 a - a +0 robe (worn)
Jewellery
 r - a ring of willpower (left hand)
Wands
 q - a wand of mindburst (7)
Scrolls
 e - a scroll of enchant weapon
 g - a scroll of silence {unknown}
 i - a scroll of identify
 k - a scroll of teleportation
 m - 2 scrolls of acquirement {unknown}
 p - 2 scrolls of blinking {unknown}
 v - a scroll of amnesia {unknown}
 y - a scroll of noise {unknown}
 z - a scroll of vulnerability {unknown}
 A - a scroll of poison {unknown}
Potions
 b - a potion of ambrosia
 d - a potion of attraction {unknown}
 f - a potion of brilliance {unknown}
 h - 5 potions of heal wounds {unknown}
 j - a potion of invisibility {unknown}
 l - a potion of degeneration {unknown}
 n - a potion of magic {unknown}
 o - a potion of flight {unknown}
 w - 2 potions of haste {unknown}


   Skills:
 * Level 6.5 Fighting
 * Level 1.8 Axes
 + Level 3.7 Dodging
 - Level 1.4 Stealth
 - Level 4.0 Unarmed Combat


You had 5 spell levels left.
You didn't know any spells.
Your spell library contained the following spells:

 Spells                   Type           Power      Damage    Failure   Level
 Magic Dart               Conj           0%         1d3       34%         1
 Searing Ray              Conj           0%         2d4       47%         2
 Portal Projectile        Hex/Tloc       0%         N/A       71%         3
 Tukima's Dance           Hex            0%         N/A       71%         3
 Fulminant Prism          Conj/Hex       0%         3d6       98%         4
 Blade Hands              Tmut           0%         N/A       100%        5


Dungeon Overview and Level Annotations

Branches:
Dungeon (6/15)             Temple (0/1) D:4

Altars:
Okawaru
The Shining One

Shops:
D:1 !   D:5 *


Innate Abilities, Weirdness & Mutations

You are too large for most types of armour.
You have tough skin. (AC +1)


Message History

Things that are here:
a +0 leather armour; a +0 mace You hit the gnoll sergeant.
You freeze the gnoll sergeant.
The gnoll sergeant is moderately wounded.
You hit the gnoll but do no damage.
The gnoll sergeant hits you with a +0 trident.
The gnoll barely misses you.
The gnoll sergeant hits you with a +0 trident.
You hit the gnoll sergeant but do no damage.
The gnoll sergeant is moderately wounded.
You hit the gnoll. You freeze the gnoll.
The gnoll sergeant hits you with a +0 trident.
The gnoll closely misses you.
You hit the gnoll sergeant. You freeze the gnoll sergeant.
The gnoll sergeant is heavily wounded.
You hit the gnoll. You freeze the gnoll.
The gnoll sergeant hits you with a +0 trident!
The gnoll hits you with a +0 club!
You hit the gnoll sergeant but do no damage.
The gnoll sergeant is heavily wounded.
You hit the gnoll but do no damage.
The gnoll sergeant hits you with a +0 trident!
The gnoll hits you with a +0 club.
* * * LOW HITPOINT WARNING * * *
You feel better.
The gnoll sergeant hits you with a +0 trident!
* * * LOW HITPOINT WARNING * * *
The gnoll barely misses you.
You hit the gnoll sergeant. You freeze the gnoll sergeant.
The gnoll sergeant is almost dead.
You barely miss the gnoll.
The gnoll sergeant hits you with a +0 trident.
* * * LOW HITPOINT WARNING * * *
The gnoll hits you with a +0 club.
* * * LOW HITPOINT WARNING * * *
A divine shield forms around you!
The gnoll sergeant hits you with a +0 trident!
* * * LOW HITPOINT WARNING * * *
The gnoll hits you with a +0 club!
You die...

.......###....#.#.##..........#..
#......# ##................######
#####..####..#.##.##........#....
....#..#.....########............
..).#.).....## #........#....
.##....#<.#..#######..>.....#.##.
.....####.#......#.##.....###.#.#
....##.##.................# #...#
.............#..@).......## #.#..
..###..##..####g[g.......# ###..
..#....##...##...........# #..
#.......#..###...........# ####..
#......###...#.#........####.##..
###...## ##.................>....
#....####.....#.........#.##...
#............##.........#..#...
##......#....#..........#......


You could see a gnoll sergeant and a gnoll.

Vanquished Creatures
  A hound (D:4)
  An orc priest (D:4)
  An iguana (D:5)
  6 gnolls (D:4)
  5 adders
  2 worms (D:2)
  4 dart slugs
  11 orcs
  7 ball pythons
  3 endoplasms
  A giant cockroach (D:1)
  2 goblins (D:1)
  4 hobgoblins
  13 jackals
  3 quokkas
  2 bats (D:1)
  4 frilled lizards
  10 kobolds
  4 rats
84 creatures vanquished.

Vanquished Creatures (others)
  2 plants (D:3)
2 creatures vanquished.

Grand Total: 86 creatures vanquished

Notes
Turn   | Place    | Note
-------+----------+-------------------------------------------
     0 | D:1      | firemarshallily the Ogre Monk began the quest for the Orb.
     0 | D:1      | Reached XP level 1. HP: 24/24 MP: 1/1
   334 | D:1      | Reached XP level 2. HP: 32/32 MP: 2/2
  1077 | D:1      | Reached XP level 3. HP: 30/40 MP: 3/3
  1372 | D:1      | Found a faded altar of an unknown god.
  1378 | D:1      | Prayed at the altar of an unknown god.
  1378 | D:1      | Became a worshipper of the Shining One
  1378 | D:1      | Reached * piety under the Shining One
  1378 | D:1      | Reached ** piety under the Shining One
  1452 | D:1      | Found Tinipal's Distillery.
  1978 | D:2      | Reached *** piety under the Shining One
  2073 | D:2      | Reached skill level 5 in Fighting
  2328 | D:2      | Reached XP level 4. HP: 46/50 MP: 4/4
  2626 | D:2      | Identified the +9 war axe of Dawn {pain, rN+ Str+4 Dex+2}
  2907 | D:3      | You fall into a shaft and drop 3 floors!
  3205 | D:5      | Entered Level 5 of the Dungeon
  3206 | D:5      | Found Beyc's Lightly-Used Armoury.
  3516 | D:5      | Reached XP level 5. HP: 26/58 MP: 5/5
  3807 | D:4      | Found an iron altar of Okawaru.
  4236 | D:3      | Identified the +2 hand axe of Conformity {freeze, rElec
                  | Will++}
  4265 | D:3      | Found a glowing golden altar of the Shining One.
  4658 | D:4      | Reached skill level 6 in Fighting
  4726 | D:4      | Reached skill level 1 in Axes
  4726 | D:4      | Reached XP level 6. HP: 40/67 MP: 6/6
  5293 | D:4      | Found a staircase to the Ecumenical Temple.
  5690 | D:4      | HP: 1/68 [gnoll sergeant/+0 trident (7)]
  5690 | D:4      | Mangled by a gnoll

Illustrated notes

Levels and vault maps discovered:
D:1:      dpeg_arrival_stonehenge_8_columns, layout_basic, serial_shops, shop,
          dreamdust_ecumenical_altar_angels_and_demons
D:2:      layout_basic
D:3:      layout_rooms, mainiacjoe_overflow_alcove_4, saegor_snake_ambush
D:4:      layout_cave_pools, okawaru_trees_1, minmay_temple_entry_junction
D:5:      layout_loops_ring, minmay_shop_damaged, minmay_joined_circles
D:6:      layout_loops_ring

Skill      XL: |  1  2  3  4  5 |
---------------+----------------+-----
Unarmed Combat | 3 4 |  4.0
Dodging        | 3 |  3.7
Fighting       | 5 6 |  6.5
Axes           | 1 |  1.8
Stealth        | |  1.4

Action                   |  1- 3 |  4- 6 || total
-------------------------+-------+-------++-------
Melee: Unarmed           |   166 |   116 ||   282
       Punch             |     4 |     4 ||     8
       Hand axe          |       |    60 ||    60
Invok: Divine Shield     |       |     1 ||     1
  Use: Scroll            |       |     4 ||     4
       Potion            |       |     2 ||     2
 Stab: Sleeping          |     2 |       ||     2
Armor: Robe              |    43 |    37 ||    80
Dodge: Dodged            |    82 |   102 ||   184
